 Dungeon Crawl Stone Soup version 0.25.0-9-g26727b657a (webtiles) character file.

Game seed: 16299112417656673432

3551 mopl the Digger (level 10, -6/56 HPs)
             Began as an Octopode Earth Elementalist on June 21, 2020.
             Was a Follower of Sif Muna.
             Killed from afar by a gargoyle (31 damage)
             ... with a stone arrow
             ... on level 8 of the Dungeon.
             The game lasted 00:15:35 (7093 turns).

mopl the Digger (Octopode Earth Elementalist)       Turns: 7093, Time: 00:15:36

Health: -6/56      AC:  1    Str: 13    XL:     10   Next: 9%
Magic:  4/20       EV: 14    Int: 21    God:    Sif Muna [*.....]
Gold:   463        SH:  0    Dex: 19    Spells: 7/22 levels left

rFire    . . .     SeeInvis .   a - +1 dagger (venom)
rCold    . . .     Gourm    .   (no shield)
rNeg     . . .     Faith    +   (helmet restricted)
rPois    .         Spirit   .   p - amulet of faith
rElec    .         Reflect  .   n - ring of stealth
rCorr    .         Harm     .   s - +6 ring of strength
MR       .....                  G - +6 ring of dexterity
Stlth    +++++++...             t - ring of stealth
HPRegen  0.18/turn              K - ring of flight
MPRegen  0.17/turn              (no ring)
                                (no ring)
                                (no ring)

@: very slightly contaminated
A: almost no armour, stealthy swim, amphibious, 8 rings, constrict 8, camouflage
1, gelatinous body 1
a: Channel Magic, Renounce Religion, Evoke Flight


You were on level 8 of the Dungeon.
You worshipped Sif Muna.
Sif Muna was aware of your devotion.
You were hungry.

You visited 2 branches of the dungeon, and saw 9 of its levels.

You collected 463 gold pieces.

Inventory:

Hand Weapons
 a - a +1 dagger of venom (weapon)
 L - a +3 scimitar of draining
 O - a +2 demon trident of venom
Missiles
 b - 57 stones
 i - 3 boomerangs
 k - 23 poisoned darts (quivered)
 A - 8 atropa-tipped darts
 D - a throwing net
Jewellery
 n - a ring of stealth (left tentacle)
 p - an amulet of faith (around mantle)
 s - a +6 ring of strength (right tentacle)
 t - a ring of stealth (on tentacle)
 G - a +6 ring of dexterity (on tentacle)
 K - a ring of flight (on tentacle)
Wands
 H - a wand of random effects (12)
Scrolls
 e - 7 scrolls of teleportation {unknown}
 j - a scroll of blinking {unknown}
 m - 5 scrolls of remove curse {unknown}
 o - a scroll of immolation {unknown}
 q - 4 scrolls of amnesia {unknown}
 y - a scroll of noise {unknown}
 C - a scroll of enchant armour {unknown}
 F - a scroll of fear {unknown}
 I - 2 scrolls of enchant weapon {unknown}
 M - 2 scrolls of fog {unknown}
Potions
 d - 5 potions of stabbing {unknown}
 f - 5 potions of flight
 g - a potion of resistance
 h - a potion of haste
 l - a potion of lignification
 r - a potion of curing
 u - a potion of heal wounds
 v - 3 potions of brilliance {unknown}
 w - a potion of ambrosia {unknown}
 x - a potion of berserk rage {unknown}
 z - a potion of magic {unknown}
 B - a potion of invisibility {unknown}
 E - a potion of might {unknown}
 J - a potion of mutation {unknown}
Comestibles
 c - 20 rations
 N - 2 chunks of flesh


   Skills:
 + Level 3.6 Throwing
 - Level 2.0 Dodging
 + Level 7.4 Stealth
 * Level 6.8 Spellcasting
 + Level 4.5 Conjurations
 + Level 4.9 Transmutations
 * Level 7.9 Earth Magic
 + Level 3.0 Invocations


You had 7 spell levels left.
You knew the following spells:

 Your Spells              Type           Power        Failure   Level  Hunger
a - Sandblast             Erth           #####.       1%          1    None
b - Stone Arrow           Conj/Erth      ####..       1%          3    #......
c - Petrify               Tmut/Erth      ####....     6%          4    ###....
k - Lee's Rapid Deconstr  Erth           #####.....   10%         5    #####..
p - Passwall              Tmut/Erth      ####....     1%          2    None

Your spell library contained the following spells:

 Spells                   Type           Power        Failure   Level  Hunger


Dungeon Overview and Level Annotations

Branches:
Dungeon (8/15)             Temple (1/1) D:5
   Lair: D:8-11

Altars:
Ashenzari
Dithmenos
Elyvilon
Gozag
Hepliaklqana
Kikubaaqudgha
Nemelex Xobeh
Okawaru
Qazlal
Ru
Sif Muna
Trog
Vehumet
Wu Jian
Xom
Yredelemnul
Zin
The Shining One

Annotations:
D:4 Edmund


Innate Abilities, Weirdness & Mutations

You cannot wear most types of armour.
You are very stealthy in the water. (Stealth+)
You are amphibious.
You can wear up to eight rings at the same time.
You can use your tentacles to constrict eight enemies at once.
Your skin changes colour to match your surroundings (Stealth+).
Your rubbery body absorbs attacks. (AC +1, EV +1)


Message History

Press: ? - help, Dir - move target cursor, f/p - gargoyle Fragment what (e.g. wall or brittle monster)?: a gargoyle, wielding a +0 flail The gargoyle shatters!!
The gargoyle is almost destroyed.
Something shouts, "Decamp, thou clouted kobold-kissing socdollager!"
Something shouts, "Despond, thou canting weevil-witted flax-wench!"
You hear a shout!
You hear a screech!
You hear a shout! x4
The gargoyle hurls a stone arrow at you.
The stone arrow misses you.
Casting: Lee's Rapid Deconstruction (quite dangerous; 10% risk of failure)
Confirm with . or Enter, or press ? or * to list all spells.
Okay, then.
The gargoyle hurls a stone arrow at you.
The stone arrow hits you!!
The gargoyle hurls a stone arrow at you.
The stone arrow misses you.
The gargoyle hurls a stone arrow at you.
The stone arrow hits you!!
Ouch! That really hurt!
You die...

#......##
≈....####..#
≈.... #.#..# ≈≈≈.
#.##.#
≈§≈5≈§§≈≈..# ##9#
.# ≈≈≈.5.≈≈≈..#
#..# #
§≈..552§§.§###.##
≈≈≈5..§§§§§.##.#
§§§54§§§§≈§§##@#
≈≈§§§§≈§≈§..##.#
≈§≈≈§≈≈...^....#
#
...≈≈§....###..#
# .........##
#..# # #.#..##.##
#..# #
#...###.#####..#
#
.......÷.......#
#
######..♣.###.##


You could see a gargoyle.

Vanquished Creatures
  Pikel (D:6)
  A red devil (D:8)
  2 hornets (D:8)
  Grinder (D:4)
  Eustachio (D:5)
  A soldier ant (D:8)
  A water moccasin (D:6)
  A sky beast (D:6)
  3 slaves (D:6)
  An ogre (D:7)
  4 black bears
  A centaur (D:7)
  Blork the orc (D:6)
  5 bullfrogs
  3 scorpions
  A centaur zombie (D:5)
  A jelly (D:6)
  An orc priest (D:6)
  2 hounds (D:5)
  4 orc wizards
  2 bullfrog skeletons
  An iguana (D:8)
  5 worker ants
  A hound skeleton (D:2)
  17 gnolls
  6 adders
  A shadow imp (D:7)
  2 oozes (D:3)
  2 dart slugs
  6 leopard geckos
  17 orcs
  9 bats
  4 giant cockroaches
  10 hobgoblins
  16 jackals
  10 kobolds
  7 quokkas
  2 ball pythons
  6 frilled lizards
  11 goblins
  A jackal skeleton (D:5)
  2 quokka zombies
  7 rats
181 creatures vanquished.

Notes
Turn   | Place    | Note
-------+----------+-------------------------------------------
     0 | D:1      | mopl the Octopode Earth Elementalist began the quest for
                  | the Orb.
     0 | D:1      | Reached XP level 1. HP: 11/11 MP: 3/3
   161 | D:1      | Reached XP level 2. HP: 17/17 MP: 3/5
   172 | D:1      | Learned a level 2 spell: Passwall
   560 | D:2      | Reached XP level 3. HP: 21/21 MP: 6/6
  1376 | D:2      | Reached XP level 4. HP: 21/27 MP: 5/8
  2070 | D:2      | Learned a level 3 spell: Stone Arrow
  2330 | D:3      | Found a bloodstained altar of Trog.
  2407 | D:3      | Reached XP level 5. HP: 26/31 MP: 0/9
  2721 | D:3      | Found an opulent altar of Gozag.
  2722 | D:3      | Found a sparkling altar of Nemelex Xobeh.
  2979 | D:4      | Reached skill level 1 in Conjurations
  3038 | D:4      | Learned a level 4 spell: Petrify
  3069 | D:4      | Reached XP level 6. HP: 36/36 MP: 8/11
  3141 | D:4      | Noticed Edmund
  3153 | D:4      | Noticed a fire elemental
  3245 | D:4      | Noticed Grinder
  3289 | D:4      | Found a stormy altar of Qazlal.
  3290 | D:4      | Noticed an air elemental
  3292 | D:4      | Noticed a water elemental
  3478 | D:5      | Entered Level 5 of the Dungeon
  3481 | D:5      | Found a staircase to the Ecumenical Temple.
  3552 | D:4      | Killed Grinder
  3612 | D:5      | Reached skill level 5 in Earth Magic
  3612 | D:5      | Reached XP level 7. HP: 41/41 MP: 9/12
  3893 | D:5      | Noticed Eustachio
  3915 | D:5      | Killed Eustachio
  3915 | D:5      | Reached skill level 5 in Stealth
  4029 | D:5      | Learned a level 5 spell: Lee's Rapid Deconstruction
  4386 | D:5      | Reached XP level 8. HP: 28/46 MP: 12/14
  4757 | D:6      | Reached skill level 1 in Throwing
  4885 | D:6      | Reached skill level 5 in Spellcasting
  4910 | D:6      | Noticed Blork the orc
  4916 | D:6      | Killed Blork the orc
  5143 | D:6      | Noticed Pikel
  5222 | Temple   | Entered the Ecumenical Temple
  5304 | Temple   | Became a worshipper of Sif Muna the Loreminder
  5418 | D:6      | Killed Pikel
  5418 | D:6      | Reached skill level 1 in Invocations
  5418 | D:6      | Reached XP level 9. HP: 34/51 MP: 14/17
  6335 | D:8      | Noticed a gargoyle
  6362 | D:7      | Reached * piety under Sif Muna
  6561 | D:8      | Noticed a hornet
  6561 | D:8      | Noticed a hornet
  6563 | D:8      | Paralysed by a hornet for 2 turns
  6567 | D:8      | Killed a hornet
  6570 | D:8      | HP: 1/76 [hornet (5)]
  6579 | D:8      | Killed a hornet
  6586 | D:8      | HP: 3/76 [worker ant (3)]
  6963 | D:8      | Noticed a red devil
  6966 | D:8      | Noticed a hell beast
  6970 | D:8      | Noticed a rust devil
  7035 | D:8      | Found a basalt altar of Yredelemnul.
  7035 | D:8      | Noticed an orange demon
  7050 | D:8      | Killed a red devil
  7050 | D:8      | Reached XP level 10. HP: 56/56 MP: 13/20
  7093 | D:8      | Killed from afar by a gargoyle

Illustrated notes

Levels and vault maps discovered:
D:1:      lightli_arrival_chessboard, layout_basic, serial_corexii_hall,
          corexii_hall_statues_i, corexii_hall_statues_l, st_stairs_14
D:2:      layout_loops_corners, serial_bayou, serial_bayou_lake_a,
          serial_bayou_pond_e, serial_bayou_shore_b, serial_bayou_pond_e,
          serial_bayou_ford_a, serial_bayou_lagoon_b, first_ration,
          kennysheep_generic_room_14
D:3:      layout_basic, grunt_temple_overflow_opulence, bloody_trog
D:4:      layout_cave_pools, nicolae_qazlal_style_of_elements, uniq_edmund,
          uniq_grinder
D:5:      layout_gridville, minmay_temple_entry_from_below_a, uniq_eustachio
D:6:      layout_loops_cross, uniq_pikel, uniq_blork_the_orc
D:7:      layout_loops_ring
D:8:      layout_loops_ring, hangedman_pestilent_swarm, grunt_ministairs_2,
          lemuel_hellish_altar
Temple:   nicolae_temple_elliptical

Skill      XL: |  1  2  3  4  5  6  7  8  9 10 |
---------------+-------------------------------+-----
Stealth        | 3 4 5 6 7 |  7.4
Spellcasting   | 3 4 5 6 |  6.8
Earth Magic    | 4 5 6 7 |  7.9
Conjurations   | 1 2 3 4 |  4.5
Transmutations | 2 3 4 |  4.9
Throwing       | 2 3 |  3.6
Invocations    | 1 2 3 |  3.0
Dodging        | |  2.0

Action                   |  1- 3 |  4- 6 |  7- 9 | 10-12 || total
-------------------------+-------+-------+-------+-------++-------
Melee: Unarmed           |    21 |       |       |       ||    21
       Constrict         |    15 |    17 |    31 |     1 ||    64
       Tentacles         |     8 |    14 |    27 |       ||    49
       Short sword       |    41 |    80 |    64 |       ||   185
       Dagger            |       |       |    53 |     2 ||    55
Throw: Dart              |       |    11 |    35 |       ||    46
 Cast: Sandblast         |    19 |    31 |   101 |     3 ||   154
       Petrify           |       |     1 |     8 |     1 ||    10
       Lee's Rapid Decon |       |       |     1 |     1 ||     2
  Use: Scroll            |       |     5 |     1 |       ||     6
       Potion            |       |       |     3 |       ||     3
 Stab: Sleeping          |    11 |    13 |    16 |       ||    40
       Distracted        |       |     1 |     1 |       ||     2
       Petrified         |       |     9 |    15 |     2 ||    26
  Eat: Chunk             |     2 |     7 |    12 |       ||    21
Armor: Skin              |    19 |     8 |    32 |       ||    59
Dodge: Dodged            |    88 |    43 |    72 |     3 ||   206
